 Dungeon Crawl Stone Soup version 0.30-a0-1043-g60ff8d5f49 (webtiles) character file.

Game seed: 11095691813027010996

12688 pokeman the Eclecticist (level 11, -3/61 HPs)
             Began as a Deep Elf Hedge Wizard on Apr 9, 2023.
             Was a Follower of Vehumet.
             Slain by a yak (11 damage)
             ... on level 10 of the Dungeon on Apr 11, 2023.
             The game lasted 00:41:05 (14662 turns).

pokeman the Eclecticist (Deep Elf Hedge Wizard)    Turns: 14662, Time: 00:41:05

Health: -3/61      AC: 16    Str:  7    XL:     11   Next: 65%
Magic:  10/32      EV: 12    Int: 24    God:    Vehumet [*.....]
Gold:   599        SH:  0    Dex: 14    Spells: 23/41 levels left

rFire   . . .      SeeInvis +    N - +2 rapier (venom)
rCold   . . .      Faith    .    (no shield)
rNeg    . . .      Spirit   .    H - +3 leather armour
rPois   .          Reflect  .    (helmet restricted)
rElec   .          Rampage  .    E - scarf {repulsion}
rCorr   .          Rage     3%   K - +2 pair of gloves
Will    +....                    q - +2 pair of boots
Stlth   ++                       x - amulet of the acrobat
HPRegen 0.30/turn                e - ring of see invisible
MPRegen 0.23/turn                g - +4 ring of protection

@: on blink cooldown, slowed, repel missiles, very slow
A: hooves 1, horns 1, berserk 1, sense surroundings 1
a: Renounce Religion


You were on level 10 of the Dungeon.
You worshipped Vehumet.
Vehumet was aware of your devotion.
You visited 2 branches of the dungeon, and saw 12 of its levels.

You collected 599 gold pieces.

Inventory:

Hand Weapons
 L - a +2 quarterstaff of chaos
 N - a +2 rapier of venom (weapon)
 O - a +2 dagger of pain
 U - a +4 dagger of electrocution
Missiles
 s - 3 throwing nets
 I - 3 curare-tipped darts
Armour
 o - a +0 helmet
 q - a +2 pair of boots (worn)
 t - a +0 buckler
 E - a scarf of repulsion (worn)
 H - a +3 leather armour (worn)
 K - a +2 pair of gloves (worn)
 M - a +1 cloak
 V - a +1 troll leather armour {Snorg}
Magical Staves
 z - a staff of death
Jewellery
 e - a ring of see invisible (left hand)
 g - a +4 ring of protection (right hand)
 i - a ring of ice
 u - a ring of ice
 x - an amulet of the acrobat (around neck)
 A - a ring of flight
 Q - a +6 ring of strength
 R - a ring of ice
Wands
 y - a wand of flame (44)
 W - a wand of polymorph (5)
Scrolls
 a - a scroll of immolation {unknown}
 b - 3 scrolls of enchant armour {unknown}
 c - 8 scrolls of identify {unknown}
 f - a scroll of magic mapping {unknown}
 k - 2 scrolls of noise {unknown}
 l - 6 scrolls of vulnerability {unknown}
 m - a scroll of summoning {unknown}
 n - 3 scrolls of fog {unknown}
 p - a scroll of silence {unknown}
 w - 3 scrolls of teleportation {unknown}
 B - 3 scrolls of fear {unknown}
 C - a scroll of acquirement {unknown}
 G - 2 scrolls of blinking {unknown}
 J - a scroll of amnesia {unknown}
Potions
 d - 3 potions of magic
 h - 3 potions of might {unknown}
 j - 2 potions of attraction
 r - 2 potions of curing {unknown}
 v - a potion of cancellation {unknown}
 D - 3 potions of heal wounds {unknown}
 F - a potion of brilliance
 P - a potion of haste {unknown}
 S - 2 potions of lignification {unknown}
Miscellaneous
 T - a piece from Xom's chessboard (15/15)


   Skills:
 - Level 4.0 Fighting
 + Level 4.3 Armour
 - Level 3.0 Dodging
 - Level 3.0 Stealth
 - Level 3.0 Shields
 * Level 15.8 Spellcasting
 + Level 9.3 Conjurations
 - Level 2.0 Summonings
 - Level 1.0 Necromancy
 - Level 1.1 Translocations
 + Level 8.3 Fire Magic
 - Level 1.0 Air Magic
 - Level 1.0 Poison Magic
 - Level 1.2 Evocations


You had 23 spell levels left.
You knew the following spells:

 Your Spells              Type           Power      Damage    Failure   Level
a - Magic Dart            Conj           100%       1d8       1%          1
b - Mephitic Cloud        Conj/Pois/Air  37%        N/A       2%          3
c - Call Imp              Summ           56%        N/A       2%          2
d - Blink                 Tloc           48%        N/A       4%          2
e - Iskenderun's Mystic   Conj/Tloc      44%        2d10      4%          4
f - Starburst             Conj/Fire      28%        6d9       17%         6

Your spell library contained the following spells:

 Spells                   Type           Power      Damage    Failure   Level
 Freeze                   Ice            76%        1d8       4%          1
 Summon Small Mammal      Summ           100%       N/A       1%          1
 Dazzling Flash           Conj/Hex       82%        N/A       1%          3
 Volatile Blastmotes      Fire/Tloc      82%        2d16      1%          3
 Slow                     Hex            76%        N/A       4%          1
 Cigotuvi's Dreadful Rot  Necr/Pois/Air  46%        N/A       4%          2
 Sublimation of Blood     Necr           24%        N/A       4%          2
 Call Canine Familiar     Summ           28%        N/A       5%          3
 Wereblood                Tmut           19%        N/A       6%          2
 Summon Guardian Golem    Hex/Summ       23%        N/A       9%          3
 Summon Hydra             Summ           14%        N/A       100%        7


Dungeon Overview and Level Annotations

Branches:
Dungeon (11/15)            Temple (1/1) D:7            Lair (0/5) D:11
    Orc: D:9-12

Altars:
Ashenzari
Cheibriados
Dithmenos
Elyvilon
Fedhas
Gozag
Hepliaklqana
Kikubaaqudgha
Makhleb
Nemelex Xobeh
Okawaru
Qazlal
Ru
Sif Muna
Trog
Uskayaw
Vehumet
Wu Jian
Xom
Yredelemnul
Zin
The Shining One

Shops:
D:2 ?   D:9 *   D:10 (

Annotations:
D:7 Maggie


Innate Abilities, Weirdness & Mutations

You have large cloven feet.
You have a pair of small horns on your head.
You sometimes lose your temper in combat.
You passively map a small area around you.


Message History

The mystic blast hits the wraith but does no damage.
The wraith is moderately damaged.
The mystic blast hits the white ugly thing!
The white ugly thing is heavily wounded.
The white ugly thing is knocked back by the mystic blast.
Unknown command.
You hit the wraith but do no damage.
The wraith is moderately damaged.
The wraith barely misses you. The wraith misses you.
Your magical contamination has completely faded away.
Unknown command.
You puncture the yak! You headbutt the yak, but do no damage.
The yak is moderately wounded.
The cyclops throws a large rock.
The large rock hits you!!!
Ouch! That really hurt!
The wraith hits you!
* * * LOW HITPOINT WARNING * * *
The wraith drains your vigour!
You feel yourself slow down. The yak gores you!
* * * LOW HITPOINT WARNING * * *
The yak gores you but does no damage.
You climb upwards.
There is a stone staircase leading down here.
Unknown command.
Unknown command.
Casting: Iskenderun's Mystic Blast (dangerous; 4% risk of failure)
Confirm with . or Enter, or press ? or * to list all spells.
You blink.
Unknown command.
Casting: Blink (safe; 4% risk of failure)
Confirm with . or Enter, or press ? or * to list all spells.
Aiming: Mephitic Cloud (dangerous; 2% risk of failure)
Press: ? - help, Shift-Dir - straight line, f - yak
Aim: a yak (moderately wounded, chance to affect: 67%)
The ball explodes into a vile cloud!
The stinking cloud engulfs the yak but does no damage.
The yak is moderately wounded.
The yak is engulfed in noxious fumes.
Unknown command.
The yak attacks as you move away! The yak gores you!
You die...

..#.### #.....#
#...#.#...##.# ###...#
##########...#.#...##.###
###.# #.........#.#.....)...
#.## #.#####...#.#.........
#..# #.# #####.#.....<...
##.### #.# #.....#.........
#...###.#####.#####.........
###..##.).....### ##########
##..###..@....#
##.###○Y.[...# #..##○☼[<...#
###### ##.>W○......# #.....
##.##......# #^####
#.##....[.# #.# #
#.######### #.# # #.# #.# #
#.# #.####


You could see a yak and a wraith.

Vanquished Creatures
  Snorg (D:10)
  Nergalle (D:10)
  Maurice (D:9)
  A cyclops (D:11)
  Joseph (D:7)
  An unseen horror (D:11)
  Psyche (D:10)
  A kobold demonologist (D:10)
  3 trolls
  Prince Ribbit (D:7)
  A hornet (D:11)
  A shadow (D:11)
  A vampire (D:11)
  2 wyverns
  2 wraiths (D:11)
  A basilisk (D:11)
  6 yaks (D:10)
  4 vampire mosquitoes (D:10)
  2 steam dragons
  2 acid dragons
  6 water moccasins
  4 ice beasts
  3 orc warriors
  4 black bears
  An ogre (D:6)
  4 centaurs
  3 wolves
  Blork the orc (D:6)
  3 phantoms
  6 kobold brigands
  A bullfrog (D:7)
  2 gnoll sergeants
  2 scorpions
  9 wights
  5 killer bees (D:11)
  3 howler monkeys
  3 orc priests (D:10)
  Crazy Yiuf (D:6)
  3 hounds
  A gnoll bouda (D:7)
  Jessica (D:3)
  5 sleepcaps
  4 iguanas
  11 orc wizards
  23 gnolls
  11 adders
  A shadow imp (D:5)
  4 white imps
  An ufetubus (D:5)
  A worm (D:3)
  3 dart slugs
  38 orcs
  9 ball pythons
  7 bats
  5 endoplasms
  4 giant cockroaches
  5 goblins
  7 hobgoblins
  6 jackals (D:3)
  A quokka (D:3)
  2 frilled lizards (D:2)
  17 kobolds
  10 rats
275 creatures vanquished.

Vanquished Creatures (collateral kills)
  A steam dragon (D:8)
  A water moccasin (D:6)
  2 scorpions (D:4)
  A wight (D:7)
  An orc wizard (D:7)
  A bat (D:2)
  2 kobolds (D:6)
9 creatures vanquished.

Vanquished Creatures (others)
  A scorpion (D:4)
  10 fungi
  15 plants (D:11)
26 creatures vanquished.

Grand Total: 310 creatures vanquished

Notes
Turn   | Place    | Note
-------+----------+-------------------------------------------
     0 | D:1      | pokeman the Deep Elf Hedge Wizard began the quest for the
                  | Orb.
     0 | D:1      | Reached XP level 1. HP: 10/10 MP: 7/7
   260 | D:1      | Reached XP level 2. HP: 15/16 MP: 3/9
   549 | D:1      | Reached skill level 5 in Spellcasting
  1186 | D:1      | Reached XP level 3. HP: 20/20 MP: 8/11
  1190 | D:1      | Learned a level 3 spell: Mephitic Cloud
  1193 | D:1      | Learned a level 2 spell: Call Imp
  1196 | D:1      | Learned a level 2 spell: Blink
  1598 | D:2      | Found Dutoagg's Magic Scroll Shoppe.
  1853 | D:2      | Reached skill level 1 in Fighting
  1853 | D:2      | Reached skill level 1 in Armour
  2211 | D:2      | Reached XP level 4. HP: 18/25 MP: 4/13
  2799 | D:3      | Reached skill level 6 in Spellcasting
  2799 | D:3      | Reached XP level 5. HP: 29/29 MP: 4/15
  3428 | D:3      | Noticed Jessica
  3431 | D:3      | Killed Jessica
  3432 | D:3      | Reached skill level 1 in Air Magic
  3580 | D:3      | Reached skill level 1 in Shields
  3757 | D:4      | Learned a level 4 spell: Iskenderun's Mystic Blast
  3863 | D:4      | Reached XP level 6. HP: 34/34 MP: 14/17
  4063 | D:4      | Reached skill level 1 in Poison Magic
  4194 | D:4      | Reached skill level 1 in Necromancy
  4379 | D:4      | Reached skill level 7 in Spellcasting
  4379 | D:4      | Reached skill level 1 in Evocations
  4400 | D:4      | Learned a level 6 spell: Starburst
  4430 | D:4      | Reached XP level 7. HP: 10/38 MP: 2/20
  4430 | D:4      | Gained mutation: You have a pair of small horns on your
                  | head. [potion of mutation]
  4430 | D:4      | Gained mutation: You are partially covered in iridescent
                  | scales. (AC +2) [potion of mutation]
  4526 | D:4      | Lost mutation: You are partially covered in iridescent
                  | scales. (AC +2) [potion of mutation]
  4526 | D:4      | Lost mutation: You have a pair of small horns on your head.
                  | [potion of mutation]
  4526 | D:4      | Gained mutation: You sometimes lose your temper in combat.
                  | [potion of mutation]
  4703 | D:4      | Found a bloodstained altar of Trog.
  5007 | D:5      | Entered Level 5 of the Dungeon
  5022 | D:5      | Reached skill level 8 in Spellcasting
  5201 | D:5      | Reached skill level 1 in Fire Magic
  5696 | D:5      | Reached XP level 8. HP: 44/44 MP: 13/22
  5760 | D:5      | Reached skill level 9 in Spellcasting
  5804 | D:5      | Found a broken altar of Ashenzari.
  6101 | D:6      | Noticed Blork the orc
  6254 | D:6      | Killed Blork the orc
  6257 | D:6      | Lost mutation: You sometimes lose your temper in combat.
                  | [potion of mutation]
  6257 | D:6      | Gained mutation: You are dopey. (Int -2) [potion of
                  | mutation]
  6257 | D:6      | Gained mutation: You have hidden genetic potential. [potion
                  | of mutation]
  6257 | D:6      | Gained mutation: You occasionally lose the ability to drink
                  | potions when taking damage. [potion of mutation]
  6336 | D:6      | Reached skill level 5 in Conjurations
  6373 | D:6      | Reached skill level 10 in Spellcasting
  6967 | D:6      | Reached XP level 9. HP: 43/48 MP: 21/25
  7169 | D:6      | Reached skill level 11 in Spellcasting
  7188 | D:6      | Gained mutation: You passively map a small area around you.
                  | [hidden potential]
  7263 | D:6      | Found a runed translucent door.
  7264 | D:6      | Noticed Crazy Yiuf
  7487 | D:6      | Killed Crazy Yiuf
  7594 | D:7      | Found a sacrificial altar of Ru.
  7739 | D:7      | Noticed Joseph
  8001 | D:7      | Killed Joseph
  8002 | D:7      | Reached skill level 5 in Fire Magic
  8047 | D:7      | Reached skill level 12 in Spellcasting
  8432 | D:7      | Found a staircase to the Ecumenical Temple.
  8520 | Temple   | Entered the Ecumenical Temple
  8845 | D:7      | Found a blossoming altar of Fedhas.
  9020 | D:7      | Noticed Maggie
  9055 | D:7      | Noticed Prince Ribbit
  9069 | D:7      | Killed Prince Ribbit
  9440 | D:8      | Reached XP level 10. HP: 47/53 MP: 17/28
  9692 | D:8      | Gained mutation: You have large cloven feet. [hidden
                  | potential]
  9692 | D:8      | Lost mutation: You have hidden genetic potential. [hidden
                  | potential expressed]
  9825 | D:8      | Found a snail-covered altar of Cheibriados.
 10791 | D:9      | Reached skill level 13 in Spellcasting
 11120 | D:9      | Found an iron altar of Okawaru.
 11131 | D:9      | Lost mutation: You occasionally lose the ability to drink
                  | potions when taking damage. [potion of mutation]
 11131 | D:9      | Lost mutation: You are dopey. (Int -2) [potion of mutation]
 11131 | D:9      | Gained mutation: You sometimes lose your temper in combat.
                  | [potion of mutation]
 11131 | D:9      | Gained mutation: You have a pair of small horns on your
                  | head. [potion of mutation]
 11346 | D:9      | Found a white marble altar of Elyvilon.
 11368 | D:9      | Found a glowing golden altar of the Shining One.
 11393 | D:9      | Found Zin's Purification Station.
 11395 | D:9      | Noticed Maurice
 11396 | D:9      | Found a glowing silver altar of Zin.
 11408 | D:9      | Killed Maurice
 11876 | D:10     | Entered Level 10 of the Dungeon
 11966 | D:10     | Noticed Psyche
 11979 | D:10     | Killed Psyche
 12124 | D:10     | Found Ibor's Weapon Boutique.
 12141 | D:10     | Found a radiant altar of Vehumet.
 12162 | D:10     | Became a worshipper of Vehumet
 12362 | D:10     | Reached skill level 14 in Spellcasting
 12514 | D:10     | Noticed Nergalle
 12724 | D:10     | Killed Nergalle
 12906 | D:10     | Noticed Snorg
 12931 | D:10     | Killed Snorg
 12932 | D:10     | Reached XP level 11. HP: 40/61 MP: 3/31
 13458 | D:11     | Reached * piety under Vehumet
 13458 | D:11     | Offered knowledge of Freeze by Vehumet.
 13468 | D:11     | Reached skill level 15 in Spellcasting
 14113 | D:11     | Found a staircase to the Lair.
 14239 | D:11     | Noticed a white ugly thing
 14240 | D:11     | Noticed an eight-headed hydra
 14662 | D:10     | Slain by a yak

Illustrated notes

Levels and vault maps discovered:
D:1:      dpeg_arrival_simpleton_a, layout_basic, solitary_fountain,
          chequers_serial_rivers_room_b
D:2:      layout_basic, serial_shops,
          nicolae_shop_temple_entry_statues_fountains
D:3:      layout_loops_cross, uniq_jessica
D:4:      old_forge, layout_loops_ring, mainiacjoe_overflow_catwalk
D:5:      layout_gridville, ashenzari_altar_1, serial_demonic, serial_demonic_a,
          serial_demonic_g, serial_demonic_a, serial_demonic_c
D:6:      minmay_octagon_keep, layout_cave_pools, hangedman_decor_lopped,
          uniq_crazy_yiuf_cottage, uniq_blork_the_orc
D:7:      layout_loops_ring, fedhas_altar_4, mainiacjoe_overflow_cross_hatched,
          minmay_temple_entry_hall, kennysheep_decorative_pillar,
          uniq_prince_ribbit1, uniq_maggie, uniq_joseph
D:8:      layout_cave_pods, nicolae_overflow_crystal_walls
D:9:      layout_layer_cave, overflow_temple_1_default, zin_purify,
          mainiacjoe_overflow_large_starburst, uniq_maurice
D:10:     layout_basic, nicolae_vehumet_altar_sigil, serial_shops, shop,
          uniq_nergalle, uniq_psyche, uniq_snorg
D:11:     layout_rooms, minmay_lair_entry_grove, grunt_decor_mini_mirrors,
          kennysheep_kite_vault
Temple:   hc_temple_tempest_star

Skill      XL: |  1  2  3  4  5  6  7  8  9 10 11 |
---------------+----------------------------------+-----
Spellcasting   | 5 6 7 8 10 12 14 15 | 15.8
Fighting       | 1 2 4 |  4.0
Armour         | 1 2 3 4 |  4.3
Conjurations   | 2 3 4 5 7 8 9 |  9.3
Dodging        | 3 |  3.0
Stealth        | 3 |  3.0
Air Magic      | 1 |  1.0
Shields        | 1 2 3 |  3.0
Poison Magic   | 1 |  1.0
Necromancy     | 1 |  1.0
Evocations     | 1 |  1.2
Summonings     | 2 |  2.0
Fire Magic     | 2 3 5 7 8 |  8.3
Translocations | |  1.1

Action                     |  1- 3 |  4- 6 |  7- 9 | 10-12 || total
---------------------------+-------+-------+-------+-------++-------
  Melee: Dagger            |    27 |    72 |   191 |     8 ||   298
         Punch             |       |     1 |     5 |     9 ||    15
         Rapier            |       |       |       |   180 ||   180
         Headbutt          |       |       |       |    42 ||    42
   Cast: Magic Dart        |    87 |   106 |   226 |    82 ||   501
         Mephitic Cloud    |     4 |    10 |    35 |    47 ||    96
         Call Imp          |     1 |     1 |    13 |     5 ||    20
         Iskenderun's Myst |       |       |    12 |    63 ||    75
         Blink             |       |       |     3 |     1 ||     4
  Evoke: Piece from Xom's  |       |       |       |     1 ||     1
         Wand              |       |       |       |     1 ||     1
    Use: Potion            |       |       |     7 |     1 ||     8
   Stab: Confused          |     3 |     5 |    23 |    23 ||    54
         Sleeping          |       |       |     2 |       ||     2
         Distracted        |       |       |     1 |       ||     1
 Armour: Robe              |    12 |    16 |    30 |       ||    58
         Leather armour    |       |       |    48 |    95 ||   143
  Dodge: Dodged            |    32 |    41 |   181 |   156 ||   410
         Repelled          |       |       |     3 |     2 ||     5

Table legend: (Time is in decaauts)
 A = Elapsed time spent in this place.
 B = Non-inter-level travel time spent in this place.
 C = Inter-level travel time spent in this place.
 D = Time resting spent in this place.
 E = Time spent auto-exploring this place.
 F = Levels seen in this place.
 G = Mean time per level.
                   A        B        C        D        E       F      G
               +--------+--------+--------+--------+--------+-----+--------+
         Total |  14755 |  14189 |    566 |   1124 |  10630 |  12 | 1229.6 |
       Dungeon |  14446 |  13909 |    537 |   1124 |  10364 |  11 | 1313.3 |
        Temple |    308 |    279 |     29 |      0 |    266 |   1 |  308.0 |
               +--------+--------+--------+--------+--------+-----+--------+

Top non-repeatable levels by time:
    D:10: 1859 daAuts
     D:7: 1584 daAuts
     D:1: 1419 daAuts
     D:5: 1416 daAuts
     D:4: 1351 daAuts
     D:2: 1255 daAuts
     D:8: 1251 daAuts
     D:6: 1239 daAuts
     D:9: 1163 daAuts
     D:3: 979 daAuts
    D:11: 924 daAuts
  Temple: 308 daAuts
